 Dungeon Crawl Stone Soup version 0.20.1-1-g8b1a95d (webtiles) character file.

110 Giltor the Vexing (level 4, 0/21 HPs)
             Began as a Spriggan Enchanter on Aug 9, 2017.
             Slain by Grinder (7 damage)
             ... while paralysed by Grinder
             ... on level 5 of the Dungeon.
             The game lasted 00:21:54 (2155 turns).

Giltor the Vexing (Spriggan Enchanter)              Turns: 2155, Time: 00:21:54

Health: 0/21       AC:  2    Str:  5    XL:     4   Next: 61%
Magic:  3/9        EV:  4    Int: 16    God:
Gold:   27         SH:  0    Dex: 16    Spells: 0/9 levels left

rFire    . . .     SeeInvis +   a - +1 dagger
rCold    . . .     Gourm    .   (shield restricted)
rNeg     . . .     Faith    .   b - +0 robe
rPois    .         Spirit   .   (helmet restricted)
rElec    .         Reflect  .   (no cloak)
rCorr    .         Harm     .   (gloves unavailable)
MR       .....                  (boots unavailable)
Stlth    +++.......             (no amulet)
Regen    0.1/turn               (no ring)
MPRegen  0.2/turn               (no ring)

@: paralysed, very quick
A: unfitting armour, see invisible, herbivore 3, speed 3, slow metabolism 2
a: no special abilities


You were on level 5 of the Dungeon.
You were full.

You visited 1 branch of the dungeon, and saw 5 of its levels.

You collected 27 gold pieces.

Inventory:

Hand Weapons
 a - a +1 dagger (weapon)
 o - the cursed +0 trident of Ashenzari's Regard {pierce, rC- Str+8 Int-3 Dex+9, unknown}
   (You found it on level 4 of the Dungeon)

   It inflicts extra damage upon your enemies.
   It affects your strength (+8).
   It affects your intelligence (-3).
   It affects your dexterity (+9).
   It makes you vulnerable to cold.
   It has a curse placed upon it.
Armour
 b - a +0 robe (worn)
Wands
 i - a wand of scattershot (7/9)
Scrolls
 d - a scroll of identify
 h - a scroll of magic mapping
 j - 2 scrolls of teleportation {unknown}
 k - a scroll of amnesia {unknown}
 l - a scroll of immolation {unknown}
 m - a scroll of remove curse {unknown}
Potions
 e - a potion of degeneration {unknown}
 f - a potion of heal wounds {unknown}
 g - a potion of agility {unknown}
Books
 c - a book of Maledictions

   Spells                             Type                      Level
   a - Corona                         Hexes                        1
   b - Ensorcelled Hibernation        Hexes/Ice                    2
   c - Confuse                        Hexes                        3
   d - Tukima's Dance                 Hexes                        3
   e - Dazzling Spray                 Conjuration/Hexes            3
Comestibles
 n - a royal jelly


   Skills:
 - Level 2.1 Short Blades
 - Level 3.0 Dodging
 - Level 5.0 Stealth
 - Level 3.1 Spellcasting
 * Level 5.4 Hexes
 - Level 1.1 Evocations


You couldn't memorise any spells.
You knew the following spells:

 Your Spells              Type           Power        Failure   Level  Hunger
a - Corona                Hex            ###....      1%          1    None
b - Ensorcelled Hibernat  Hex/Ice        ##....       9%          2    ##.....
c - Confuse               Hex            ###.....     6%          3    ###....
d - Tukima's Dance        Hex            ###.....     6%          3    ###....


Dungeon Overview and Level Annotations

Branches:
Dungeon (5/15)
 Temple: D:4-7

Altars:
Ashenzari

Annotations:
D:5 Grinder


Innate Abilities, Weirdness & Mutations

You are very small and have problems with some larger weapons.
You are too small for most types of armour.
You have supernaturally acute eyesight. (SInv)
You are a herbivore.
You cover ground extremely quickly.
You need consume almost no food.


Message History

The floor.
Casting: Confuse
Confirm with . or Enter, or press ? or * to list all spells.
Aiming: Confuse
Press: ? - help, Shift-Dir - straight line, f - Grinder
Aim: Grinder (chance to defeat MR: 50%) Grinder resists with some effort.
Grinder says, "What is the universe for?"
Casting: Confuse
Confirm with . or Enter, or press ? or * to list all spells.
Aiming: Confuse
Press: ? - help, Shift-Dir - straight line, f/p - Grinder
Aim: Grinder (chance to defeat MR: 50%) Grinder resists with some effort.
You see here 2 fuming inky potions.
Grinder says, "Mostly I couldn't keep them alive."
Grinder gestures at you.
You suddenly lose the ability to move!
Grinder hits you!
You die...

# ### #. #..
#..##.### #.....#.##
##...#<.@5##
..........!.## .
.............###..).
#####.#..........#
#.#....####.....
#.#$#.## ###. #
#.### #.# #.


You could see Grinder.

Vanquished Creatures
  A scorpion (D:4)
  3 adders (D:2)
  A worm (D:2)
  2 dart slugs (D:2)
  2 leopard geckos
  A ball python (D:1)
  3 giant cockroaches
  A goblin (D:2)
  2 hobgoblins
  5 bats
  2 frilled lizards
  3 kobolds (D:1)
  3 rats
29 creatures vanquished.

Notes
Turn   | Place    | Note
-------+----------+-------------------------------------------
     0 | D:1      | Giltor the Spriggan Enchanter began the quest for the Orb.
     0 | D:1      | Reached XP level 1. HP: 9/9 MP: 5/5
   642 | D:1      | Reached XP level 2. HP: 12/13 MP: 4/6
   646 | D:1      | Learned a level 2 spell: Ensorcelled Hibernation
   904 | D:1      | Reached skill level 5 in Stealth
  1228 | D:2      | Reached XP level 3. HP: 16/16 MP: 5/8
  1242 | D:2      | Learned a level 3 spell: Confuse
  1359 | D:2      | Reached skill level 1 in Evocations
  1617 | D:2      | Found a shattered altar of Ashenzari.
  2037 | D:4      | Noticed a scorpion
  2066 | D:4      | Killed a scorpion
  2066 | D:4      | Reached skill level 5 in Hexes
  2066 | D:4      | Reached XP level 4. HP: 21/21 MP: 1/9
  2070 | D:4      | Got a crystal trident
  2137 | D:5      | Entered Level 5 of the Dungeon
  2142 | D:5      | Learned a level 3 spell: Tukima's Dance
  2142 | D:5      | Noticed Grinder
  2151 | D:5      | Paralysed by Grinder for 4 turns
  2155 | D:5      | Slain by Grinder

Skill      XL: |  1  2  3 |
---------------+----------+-----
Short Blades   | 2 |  2.1
Stealth        | 5 |  5.0
Hexes          | 4 5 |  5.4
Evocations     | 1 |  1.1
Spellcasting   | 3 |  3.1
Dodging        | |  3.0

Action                   |  1- 3 |  4- 6 || total
-------------------------+-------+-------++-------
Melee: Dagger            |    60 |       ||    60
 Cast: Corona            |     7 |       ||     7
       Ensorcelled Hiber |    20 |       ||    20
       Confuse           |       |     2 ||     2
  Use: Scroll            |     2 |       ||     2
 Stab: Sleeping          |    22 |       ||    22
  Eat: Bread ration      |     1 |       ||     1
Armor: Robe              |     3 |       ||     3
Dodge: Dodged            |    23 |       ||    23
